 Dungeon Crawl Stone Soup version 0.30-a0-739-gea05faddec (webtiles) character file.

Game seed: 7928730884031161315

50 epen the Charlatan (level 3, -1/28 HPs)
             Began as a Gnoll Artificer on Feb 4, 2023.
             Was a Follower of Cheibriados.
             Slain by Natasha (8 damage)
             ... on level 2 of the Dungeon.
             The game lasted 00:01:56 (1347 turns).

epen the Charlatan (Gnoll Artificer)                Turns: 1347, Time: 00:01:57

Health: -1/28      AC:  3    Str: 15    XL:     3   Next: 79%
Magic:  4/4        EV: 12    Int: 12    God:    Cheibriados [*.....]
Gold:   157        SH:  0    Dex: 14    Spells: 4/4 levels left

rFire   . . .      SeeInvis .    k - +2 mace (heavy)
rCold   . . .      Faith    .    (no shield)
rNeg    . . .      Spirit   .    b - +0 leather armour
rPois   .          Reflect  .    (no helmet)
rElec   .          Harm     .    (no cloak)
rCorr   .          Rampage  .    (no gloves)
Will    .....                    (no boots)
Stlth   ++                       (no amulet)
HPRegen 0.24/turn                (no ring)
MPRegen 0.09/turn                (no ring)

@: slowed, very slow
A: fangs 1, strong nose, distributed training
a: Renounce Religion, Bend Time


You were on level 2 of the Dungeon.
You worshipped Cheibriados.
Cheibriados was aware of your devotion.
You visited 1 branch of the dungeon, and saw 2 of its levels.

You collected 157 gold pieces.

Inventory:

Hand Weapons
 a - a +0 club
 k - a +2 heavy mace (weapon)
Armour
 b - a +0 leather armour (worn)
Wands
 c - a wand of flame (9) (quivered)
 d - a wand of charming (15)
 e - a wand of iceblast (5)
Scrolls
 f - a scroll of identify {unknown}
 g - a scroll of amnesia {unknown}
 h - a scroll of noise {unknown}
 j - a scroll of teleportation {unknown}
 l - 3 scrolls of enchant armour {unknown}
 m - a scroll of brand weapon {unknown}
 q - a scroll of torment {unknown}
Potions
 i - 2 potions of mutation {unknown}
 n - a potion of lignification {unknown}
 o - a potion of heal wounds {unknown}
 p - a potion of brilliance {unknown}


   Skills:
 + Level 2.6 Fighting
 + Level 1.0 Short Blades
 + Level 1.0 Long Blades
 + Level 1.0 Axes
 + Level 1.0 Maces & Flails
 + Level 1.0 Polearms
 + Level 1.0 Staves
 + Level 1.0 Ranged Weapons
 + Level 1.0 Throwing
 + Level 4.6 Armour
 + Level 2.6 Dodging
 + Level 2.4 Stealth
 + Level 1.0 Shields
 + Level 1.0 Unarmed Combat
 + Level 1.0 Spellcasting
 + Level 0.7 Conjurations
 + Level 0.7 Hexes
 + Level 0.7 Summonings
 + Level 0.7 Necromancy
 + Level 0.7 Translocations
 + Level 0.7 Transmutations
 + Level 0.7 Fire Magic
 + Level 0.7 Ice Magic
 + Level 0.7 Air Magic
 + Level 0.7 Earth Magic
 + Level 0.7 Poison Magic
 + Level 1.0 Invocations
 + Level 6.5 Evocations


You had 4 spell levels left.
You didn't know any spells.
Your spell library contained the following spells:

 Spells                   Type           Power      Damage    Failure   Level
 Beastly Appendage        Tmut           4%         N/A       26%         1
 Wereblood                Tmut           2%         N/A       38%         2
 Spider Form              Tmut/Pois      2%         N/A       63%         3


Dungeon Overview and Level Annotations

Branches:
Dungeon (2/15)

Altars:
Cheibriados

Shops:
D:1 (   D:2 *=

Annotations:
D:2 Natasha


Innate Abilities, Weirdness & Mutations

You have very sharp teeth.
Your uncanny sense of smell can sniff out nearby items.
Your experience applies equally to all skills.


Message History

Things that are here:
a rat corpse; a rat corpse You start resting.
HP restored.
Found 2 stones.
Things that are here:
a rat corpse; a rat corpse
Items here: ††††††††.
Found 5 stones.
Found a hand axe.
You see here 5 stones.
You now have enough gold to buy a heavily jewelled robe on this level.
You can access your shopping list by pressing '$'.
You now have 157 gold pieces (gained 12).
Natasha, Servant of Life and Death comes into view.
Natasha is nearby!
Natasha hisses angrily.
Natasha stares at you and mumbles some strange words.
You feel yourself slow down.
Natasha mumbles some strange words.
Natasha's front paws start to glow.
Natasha closely misses you.
You hit Natasha.
Natasha is lightly wounded.
Natasha barely misses you. Natasha casts a spell at you.
You resist with significant effort. Natasha claws you.
You barely miss Natasha.
Natasha is lightly wounded.
Natasha claws you but does no damage. x2
Natasha mumbles some strange words.
You hit Natasha.
Natasha is moderately wounded.
Natasha mumbles some strange words.
The shadow imp gestures at you. Pain shoots through your body!
Ouch! That really hurt!
Natasha claws you but does no damage. The shadow imp hits you.
* * * LOW HITPOINT WARNING * * *
Natasha claws you!
You die...

#.. #.# #.# #.#
#.# #5# #h# #@#
#5## #..#####
##.....###########
#####...##...)...
###....(#####
####..# #<.# ##.#


You could see Natasha, a white imp (summoned) and a shadow imp (summoned).

Vanquished Creatures
  An adder (D:2)
  A dart slug (D:1)
  A bat (D:1)
  4 endoplasms
  4 goblins
  4 hobgoblins
  A quokka (D:2)
  2 frilled lizards (D:1)
  4 kobolds (D:1)
  21 rats
43 creatures vanquished.

Notes
Turn   | Place    | Note
-------+----------+-------------------------------------------
     0 | D:1      | epen the Gnoll Artificer began the quest for the Orb.
     0 | D:1      | Reached XP level 1. HP: 17/17 MP: 1/1
    74 | D:1      | Reached XP level 2. HP: 11/23 MP: 2/2
   213 | D:1      | Found Doorepp's Antique Weapon Emporium.
   914 | D:2      | Reached XP level 3. HP: 19/28 MP: 2/4
   915 | D:2      | Reached skill level 1 in Invocations
  1064 | D:2      | Identified the +10 short sword "Liesm" {flame, rElec Int+4
                  | Dex+2}
  1068 | D:2      | Found Pinnoh's Jewellery Boutique.
  1077 | D:2      | Found a snail-covered altar of Cheibriados.
  1088 | D:2      | Became a worshipper of Cheibriados the Contemplative
  1103 | D:2      | Found Boggese's Assorted Antiques.
  1219 | D:2      | Reached skill level 1 in Short Blades
  1219 | D:2      | Reached skill level 1 in Long Blades
  1219 | D:2      | Reached skill level 1 in Axes
  1219 | D:2      | Reached skill level 1 in Maces & Flails
  1219 | D:2      | Reached skill level 1 in Polearms
  1219 | D:2      | Reached skill level 1 in Staves
  1219 | D:2      | Reached skill level 1 in Ranged Weapons
  1219 | D:2      | Reached skill level 1 in Throwing
  1219 | D:2      | Reached skill level 1 in Shields
  1219 | D:2      | Reached skill level 1 in Unarmed Combat
  1219 | D:2      | Reached skill level 1 in Spellcasting
  1240 | D:2      | Reached * piety under Cheibriados
  1341 | D:2      | Noticed Natasha
  1347 | D:2      | Slain by Natasha

Illustrated notes

Levels and vault maps discovered:
D:1:      minmay_arrival_jagged, layout_loops_cross, serial_shops,
          nicolae_diamond_shop
D:2:      layout_basic, serial_shops, nicolae_shop_statue_plus,
          nicolae_shop_hallway_stairs, basic_altar, minmay_statues_item,
          minmay_rat_hole, uniq_natasha

Skill      XL: |  1  2  3 |
---------------+----------+-----
Invocations    | 1 |  1.0
Short Blades   | 1 |  1.0
Long Blades    | 1 |  1.0
Axes           | 1 |  1.0
Maces & Flails | 1 |  1.0
Polearms       | 1 |  1.0
Staves         | 1 |  1.0
Ranged Weapons | 1 |  1.0
Throwing       | 1 |  1.0
Shields        | 1 |  1.0
Unarmed Combat | 1 |  1.0
Spellcasting   | 1 |  1.0
Fighting       | |  2.6
Armour         | |  4.6
Dodging        | |  2.6
Stealth        | |  2.4
Conjurations   | |  0.7
Hexes          | |  0.7
Summonings     | |  0.7
Necromancy     | |  0.7
Translocations | |  0.7
Transmutations | |  0.7
Fire Magic     | |  0.7
Ice Magic      | |  0.7
Air Magic      | |  0.7
Earth Magic    | |  0.7
Poison Magic   | |  0.7
Evocations     | |  6.5

Action                     || total
---------------------------++-------
  Melee: Club              ||    69
         Bite              ||    14
         Punch             ||     4
         Mace              ||    62
  Evoke: Wand              ||     6
   Stab: Sleeping          ||     4
 Armour: Leather armour    ||    43
  Dodge: Dodged            ||   119

Table legend: (Time is in decaauts)
 A = Elapsed time spent in this place.
 B = Non-inter-level travel time spent in this place.
 C = Inter-level travel time spent in this place.
 D = Time resting spent in this place.
 E = Time spent auto-exploring this place.
 F = Levels seen in this place.
 G = Mean time per level.
                   A        B        C        D        E       F      G
               +--------+--------+--------+--------+--------+-----+--------+
         Total |   1477 |   1457 |     20 |    110 |    989 |   2 |  738.5 |
       Dungeon |   1477 |   1457 |     20 |    110 |    989 |   2 |  738.5 |
               +--------+--------+--------+--------+--------+-----+--------+

Top non-repeatable levels by time:
     D:1: 869 daAuts
     D:2: 608 daAuts
